 Dungeon Crawl Stone Soup version 0.24-a0-504-gcfb02b9d07 (webtiles) character file.

Game seed: 14349258257120542489

61 OneStupidFool the Vexing (level 3, 0/14 HPs)
             Began as a Felid Enchanter on July 17, 2019.
             Slain by a jackal (2 damage)
             ... on level 2 of the Dungeon.
             The game lasted 00:09:53 (3281 turns).

OneStupidFool the Vexing (Felid Enchanter)          Turns: 3281, Time: 00:09:56

Health: 0/14       AC:  1    Str:  4    XL:     3   Next: 83%
Magic:  1/7        EV: 18    Int: 17    God:
Gold:   123        SH:  0    Dex: 16    Spells: 0/6 levels left
                                        Lives:  0   Deaths: 0

rFire    . . .     SeeInvis +     - Unarmed
rCold    . . .     Gourm    .   (shield unavailable)
rNeg     . . .     Faith    .   (armour unavailable)
rPois    .         Spirit   .   (helmet unavailable)
rElec    .         Reflect  .   (cloak unavailable)
rCorr    .         Harm     .   (gloves unavailable)
MR       .....                  (boots unavailable)
Stlth    ++++......             (no amulet)
HPRegen  0.04/turn              (no ring)
MPRegen  0.10/turn              (no ring)

@: quick
A: very small, no armour, no weapons or thrown items, stealth, claws 1, fangs 3,
see invisible, carnivore, speed 1, shaggy fur 1, slow metabolism 1, sharp paws
a: no special abilities


You were on level 2 of the Dungeon.
You were very full.

You visited 1 branch of the dungeon, and saw 2 of its levels.

You collected 123 gold pieces.

Inventory:

Jewellery
 f - a cursed amulet of inaccuracy {unknown}
 j - an uncursed ring of ice {unknown}
Scrolls
 a - 2 scrolls of teleportation {unknown}
 g - a scroll of enchant armour {unknown}
 i - a scroll of identify {unknown}
 k - 2 scrolls of fear {unknown}
Potions
 c - a potion of curing {unknown}
 d - 2 potions of brilliance {unknown}
 e - a potion of cancellation {unknown}
 h - a potion of haste {unknown}
Comestibles
 b - a ration


   Skills:
 - Level 2.6 Dodging
 + Level 5.6 Stealth
 - Level 1.0 Unarmed Combat
 - Level 2.0 Spellcasting
 + Level 5.7 Hexes


You couldn't memorise any spells.
You knew the following spells:

 Your Spells              Type           Power        Failure   Level  Hunger
a - Corona                Hex            ###....      1%          1    #......
b - Ensorcelled Hibernat  Hex/Ice        ##....       9%          2    ###....
c - Dazzling Spray        Conj/Hex       ##....       19%         3    ###....

Your spell library contained the following spells:

 Spells                   Type           Power        Failure   Level  Hunger
 Confuse                  Hex            ###.....     5%          3    ###....
 Tukima's Dance           Hex            ###.....     5%          3    ###....


Dungeon Overview and Level Annotations

Branches:
Dungeon (2/15)

Altars:


Innate Abilities, Weirdness & Mutations

You cannot wear armour.
You are incapable of wielding weapons or throwing items.
Your paws allow you to move quietly. (Stealth)
You have sharp claws.
You have razor-sharp teeth.
You have supernaturally acute eyesight. (SInv)
You are carnivorous and can eat meat at any time.
You cover ground quickly.
You are covered in fur. (AC +1)
You have a slow metabolism.
Your sharp claws are effective at attacking unaware monsters.


Message History

You scratch the jackal. You bite the jackal.
The jackal is severely wounded.
The jackal closely misses you. The jackal misses you.
You scratch the jackal but do no damage.
Your bite misses the jackal.
The jackal is severely wounded.
The jackal closely misses you.
You closely miss the jackal.
The jackal is severely wounded.
The jackal barely misses you.
Press: ? - help, v - describe, . - travel The floor.
Unknown command.
You scratch the jackal but do no damage.
You bite the jackal, but do no damage.
The jackal is severely wounded.
The jackal bites you.
* * * LOW HITPOINT WARNING * * *
The jackal bites you.
You die...

#$##.# #.#
#.##)# #>#
..##h####
#.#
####....#
#.# #....#
####.#
##.h.#
#....# #...#
#.##.#
#...###.##.#
#...h@..##.#
#...#####..#
#...# #..#
#...# #...#
#...# #.#.#
##### #.#.#
#.#.# #.#.#
#...#


You could see a jackal.

Vanquished Creatures
  A worm (D:2)
  2 dart slugs (D:1)
  3 leopard geckos
  6 bats (D:1)
  4 giant cockroaches
  3 hobgoblins
  9 jackals
  A quokka (D:2)
  A ball python (D:1)
  2 frilled lizards (D:1)
  7 goblins (D:1)
  3 kobolds (D:1)
  5 rats
47 creatures vanquished.

Notes
Turn   | Place    | Note
-------+----------+-------------------------------------------
     0 | D:1      | OneStupidFool the Felid Enchanter began the quest for the
                  | Orb.
     0 | D:1      | Reached XP level 1. HP: 7/7 MP: 4/4
   948 | D:1      | Reached XP level 2. HP: 8/11 MP: 6/6
   953 | D:1      | Learned a level 2 spell: Ensorcelled Hibernation
  1008 | D:1      | Reached skill level 5 in Hexes
  1697 | D:1      | Reached XP level 3. HP: 14/14 MP: 2/7
  1763 | D:1      | Reached skill level 5 in Stealth
  1819 | D:1      | Learned a level 3 spell: Dazzling Spray
  3281 | D:2      | Slain by a jackal

Levels and vault maps discovered:
D:1:      dpeg_cavernosity, layout_basic, minmay_tromino_i2
D:2:      layout_rooms, overflow_temple_1_default

Skill      XL: |  1  2  3 |
---------------+----------+-----
Hexes          | 5 |  5.7
Stealth        | 5 |  5.6
Dodging        | |  2.6
Unarmed Combat | |  1.0
Spellcasting   | |  2.0

Action                   || total
-------------------------++-------
Melee: Unarmed           ||   151
       Bite              ||    13
 Cast: Corona            ||     3
       Ensorcelled Hiber ||    37
 Stab: Sleeping          ||    32
  Eat: Chunk             ||    13
Armor: Skin              ||     8
Dodge: Dodged            ||   134

Table legend:
 A = Non-vault XP
 B = Vault XP
 C = Vault XP percentage of total XP
 D = Non-vault monster count
 E = Vault monster count
 F = Vault count percentage of total count
                 A         B        C        D         E       F
            +---------+---------+-------+---------+---------+-------
      Total |      75 |      13 |  14.8 |      41 |       6 |  12.8
            +---------+---------+-------+---------+---------+-------
        D:1 |      54 |      13 |  19.4 |      32 |       6 |  15.8
        D:2 |      21 |       0 |   0.0 |       9 |       0 |   0.0
            +---------+---------+-------+---------+---------+-------
